AoeStats
← Nexuz

Arena

510608613Analyzed
4v4 RM · 22h ago on Oct 1, 2026· 43m 8s· 8 players
Game mode
Random Map
Map size
Large (8 player)
Population
200
Speed
Normal
Resources
Standard
Victory
Conquest
Starting age
Dark Age
Ending age
Imperial Age
RankedLock teamsTeams togetherTeam positionsShared explorationLock speedFull tech treeHidden civsTurbo modeCheats
Victory
Defeat
🇮🇹 Saxons · Italy
1568
+11
🇮🇹 Byzantines · Italy
1522
+12
🇩🇪 Persians · Germany
1509
+13
🇸🇪 Italians · Sweden
1364
+20
🇵🇱 Celts · Poland
1490
-16
🇺🇸 Slavs · United States
1443
-14
🇫🇷 Koreans · France
1438
-14
🇩🇪 Italians · Germany
1388
-12
AML4554
10:32 Feudal Age
15:15 Castle Age
13:34 Double-Bit Axe
15:58 Scale Barding Armor
22:24 Wheelbarrow
24:06 Bow Saw
23:38 Horse Collar
24:55 Redemption
25:38 Hand Cart
27:50 Heavy Plow
29:36 Loom
32:50 Imperial Age
30:27 Detinets
33:10 Masonry
33:47 Scale Mail Armor
33:58 Forging
33:26 Pikeman
34:07 Squires
34:28 Onager
36:28 Iron Casting
36:10 Chain Mail Armor
36:01 Halberdier
38:20 Fortified Wall
38:26 Druzhina
38:47 Conscription
37:56 Man-at-Arms
39:11 Long Swordsman
40:15 Two-Handed Swordsman
41:15 Champion
42:46 Plate Mail Armor
Gasior
10:28 Feudal Age
14:09 Castle Age
12:05 Double-Bit Axe
12:21 Horse Collar
13:59 Wheelbarrow
13:09 Loom
22:02 Bow Saw
22:49 Gold Mining
23:06 Heavy Plow
23:34 Stone Mining
23:53 Gold Mining
26:02 Gold Shaft Mining
29:27 Imperial Age
27:13 Pikeman
28:04 Scale Mail Armor
28:55 Town Watch
29:08 Arson
29:40 Chain Mail Armor
29:35 Forging
29:38 Onager
30:45 Hand Cart
31:46 Furor Celtica
31:56 Conscription
31:58 Siege Engineers
31:37 Halberdier
32:49 Plate Mail Armor
32:54 Iron Casting
34:08 Iron Casting
35:07 Chemistry
35:16 Murder Holes
35:41 Ballistics
36:46 Blast Furnace
35:58 Siege Onager
37:26 Fletching
39:32 Masonry
38:52 Elite Woad Raider
42:40 Hoardings
N
10:04 Feudal Age
10:51 Double-Bit Axe
13:31 Castle Age
11:33 Stone Mining
12:42 Horse Collar
20:47 Loom
28:13 Imperial Age
26:58 Wheelbarrow
26:58 Fletching
27:37 Bow Saw
27:28 Heavy Plow
27:36 Bodkin Arrow
28:45 Hand Cart
28:22 Gold Mining
29:54 Chemistry
28:59 Bracer
30:36 Stone Shaft Mining
33:25 Padded Archer Armor
33:39 Fortified Wall
36:04 Leather Archer Armor
37:33 Ring Archer Armor
37:48 Elite Genoese Crossbowman
chinsa_yama
9:52 Loom
11:37 Feudal Age
21:38 Castle Age
20:46 Double-Bit Axe
21:02 Horse Collar
23:21 Fletching
25:23 Bodkin Arrow
35:17 Imperial Age
34:18 Masonry
EVA_Rinocherino
9:30 Feudal Age
10:53 Double-Bit Axe
13:11 Castle Age
11:29 Horse Collar
14:04 Bow Saw
16:31 Town Watch
16:39 Loom
20:35 Wheelbarrow
21:32 Gold Mining
27:13 Imperial Age
25:17 Padded Archer Armor
25:29 Stone Mining
26:28 Leather Archer Armor
26:25 Heavy Plow
27:02 Stone Shaft Mining
28:54 Chemistry
28:13 Pirotechnia
29:01 Ring Archer Armor
29:14 Masonry
32:04 Architecture
35:28 Caravan
35:59 Conscription
36:03 Silk Road
36:27 Bombard Tower
37:24 Ballistics
36:57 Fletching
37:49 Arrowslits
38:00 Bodkin Arrow
39:47 Bracer
Nexuz
10:27 Feudal Age
13:54 Castle Age
12:28 Double-Bit Axe
17:42 Loom
21:01 Wheelbarrow
20:48 Horse Collar
20:55 Town Watch
21:50 Heavy Plow
22:06 Gold Mining
23:31 Hand Cart
25:39 Town Watch
29:22 Imperial Age
26:51 Stone Mining
27:49 Bloodlines
27:40 Husbandry
28:25 Bow Saw
28:33 Scale Barding Armor
28:39 Forging
29:14 Cavalier
30:10 Devotion
30:36 Chain Barding Armor
31:01 Heavy Plow
31:39 Iron Casting
31:43 Gold Shaft Mining
31:52 Savar
33:32 Town Patrol
34:22 Plate Barding Armor
34:53 Blast Furnace
37:31 Conscription
38:02 Stone Shaft Mining
37:37 Elite War Elephant
39:40 Masonry
39:54 Ballistics
40:36 Chemistry
40:08 Citadels
EVA | luxfma
10:44 Feudal Age
10:48 Feudal Age
15:22 Castle Age
13:12 Double-Bit Axe
13:09 Horse Collar
16:32 Bow Saw
16:46 Heavy Plow
21:08 Wheelbarrow
24:31 Loom
25:10 Hand Cart
24:59 Stone Mining
25:03 Gold Mining
28:51 Imperial Age
26:36 Scale Barding Armor
26:42 Forging
27:39 Chain Barding Armor
28:42 Stone Shaft Mining
28:44 Gold Shaft Mining
28:41 Husbandry
29:11 Elite Cataphract
30:36 Crop Rotation
31:09 Two-Man Saw
31:01 Plate Barding Armor
31:37 Iron Casting
31:44 Conscription
32:05 Logistica
32:46 Hoardings
32:14 Fletching
35:30 Bodkin Arrow
35:18 Treadmill Crane
36:16 Bracer
37:20 Chemistry
37:41 Murder Holes
38:07 Ballistics
40:01 Caravan
41:54 Coinage
41:34 Guilds
belphy
3:18 Loom
8:14 Feudal Age
9:01 Double-Bit Axe
9:13 Horse Collar
12:10 Fletching
14:41 Loom
15:33 Wheelbarrow
21:04 Castle Age
20:47 Gold Mining
20:49 Stone Mining
21:09 Scale Mail Armor
21:32 Forging
22:08 Squires
23:24 Chain Mail Armor
26:37 Pikeman
29:46 Heavy Plow
29:52 Arson
31:42 Iron Casting
35:04 Imperial Age
33:03 Bodkin Arrow
35:19 Hand Cart
36:49 Conscription
37:22 Plate Mail Armor
37:12 Masonry
37:26 Bow Saw
37:10 Town Watch
38:04 Gold Shaft Mining
37:28 Capped Ram
38:31 Elite Varangian Guard
38:36 Siege Ram
39:36 Elite Varangian Guard
41:41 Siege Engineers
42:02 Bracer
Connection lost

Rejoining the realm…

Still unreachable

The connection could not be restored.

Session expired

The server has moved on; the page needs a fresh start.